 Dungeon Crawl Stone Soup version 0.30-a0-739-gea05faddec (webtiles) character file.

Game seed: 7464555252268615637

1 xian the Stinger (level 1, 0/9 HPs)
             Began as a Vine Stalker Venom Mage on Feb 4, 2023.
             Slain by a jackal (2 damage)
             ... on level 1 of the Dungeon.
             The game lasted 00:00:20 (26 turns).

xian the Stinger (Vine Stalker Venom Mage)            Turns: 26, Time: 00:00:20

Health: 0/9        AC:  2    Str: 10    XL:     1   Next: 20%
Magic:  0/4        EV: 12    Int: 15    God:
Gold:   7          SH:  0    Dex: 14    Spells: 3/4 levels left

rFire   . . .      SeeInvis .    c - +0 mace (heavy)
rCold   . . .      Faith    .    (no shield)
rNeg    . . .      Spirit   +    a - +0 robe
rPois   .          Reflect  .    (no helmet)
rElec   .          Harm     .    (no cloak)
rCorr   .          Rampage  .    (no gloves)
Will    .....                    (no boots)
Stlth   ++                       (no amulet)
HPRegen 0.21/turn                (no ring)
MPRegen 0.09/turn                (no ring)

@: no status effects
A: fangs 2, magic shield, antimagic bite, no potion heal 2
a: no special abilities


You were on level 1 of the Dungeon.
You visited 1 branch of the dungeon, and saw 1 of its levels.

You collected 7 gold pieces.

Inventory:

Hand Weapons
 c - a +0 heavy mace (weapon)
Armour
 a - a +0 robe (worn)
Potions
 b - a potion of magic


   Skills:
 + Level 1.5 Dodging
 + Level 2.4 Stealth
 + Level 2.1 Spellcasting
 + Level 1.0 Transmutations
 + Level 3.1 Poison Magic


You had 3 spell levels left.
You knew the following spells:

 Your Spells              Type           Power      Damage    Failure   Level
a - Sting                 Tmut/Pois      28%        1d4       10%         1

Your spell library contained the following spells:

 Spells                   Type           Power      Damage    Failure   Level
 Poisonous Vapours        Pois/Air       12%        N/A       17%         2
 Mephitic Cloud           Conj/Pois/Air  4%         N/A       41%         3
 Olgreb's Toxic Radiance  Pois           10%        N/A       52%         4


Dungeon Overview and Level Annotations

Branches:
Dungeon (1/15)

Altars:


Innate Abilities, Weirdness & Mutations

You have extremely sharp teeth.
When hurt, damage is shared between your health and your magic reserves.
Your bite disrupts and absorbs the magic of your enemies.
Potions cannot restore your health.


Message History

Welcome, xian the Vine Stalker Venom Mage.
Will you be the one to retrieve the splendid Orb of Zot from the depths?
Press ? for a list of commands and other information.
Found 5 stones and 7 gold pieces.
Found a staircase leading out of the dungeon.
You see here 5 stones.
Found three escape hatches in the floor.
You now have 7 gold pieces.
A jackal comes into view.
Found a runed mace. 2 jackals come into view.
Found a pink potion.
The sting hits the jackal.
The jackal is poisoned.
The jackal is severely wounded.
The jackal barks! x2; You hear a shout!
The sting hits the jackal.
The jackal looks even sicker.
You kill the jackal!
The sting misses the jackal.
The jackal closely misses you. The jackal attacks as you move away!
The jackal bites you. The jackal attacks as you move away!
The jackal bites you. The jackal barely misses you. x2
You closely miss the jackal. The jackal bites you. x2
The jackal bites you. The jackal barely misses you.
The jackal closely misses you. x2
There is an escape hatch in the floor here.
The jackal attacks as you move away! The jackal misses you.
A frilled lizard comes into view.
The frilled lizard moves out of view.
The frilled lizard hisses angrily.
You see here a +0 heavy mace.
c - a +0 heavy mace The jackal bites you but does no damage.
The jackal bites you.
* * * LOW HITPOINT WARNING * * *
c - a +0 heavy mace (weapon)
The jackal closely misses you.
The jackal bites you but does no damage.
Unknown command.
You closely miss the jackal. The jackal bites you.
You die...

## ..
#..#.###############
###..#.#>............. .
....#....8..8..8..8..
..###...............(...
........................
..l.......>............<
.......#.......?........
. #.@h...............
#!.h...8..8..8..8..
#....>.............
#....##############
#..... #...... .........
..........


You could see 2 jackals and a frilled lizard.

Vanquished Creatures
  A jackal (D:1)
1 creature vanquished.

Notes
Turn   | Place    | Note
-------+----------+-------------------------------------------
     0 | D:1      | xian the Vine Stalker Venom Mage began the quest for the
                  | Orb.
     0 | D:1      | Reached XP level 1. HP: 9/9 MP: 4/4
    26 | D:1      | Slain by a jackal

Illustrated notes

Levels and vault maps discovered:
D:1:      lemuel_arrival_broad_hall, layout_rooms,
          chequers_serial_rivers_micro_c, hangedman_decor_points

Action                     || total
---------------------------++-------
  Melee: Mace              ||     1
         Unarmed           ||     1
   Cast: Sting             ||     3
 Armour: Robe              ||     2
  Dodge: Dodged            ||     8

Table legend: (Time is in decaauts)
 A = Elapsed time spent in this place.
 B = Non-inter-level travel time spent in this place.
 C = Inter-level travel time spent in this place.
 D = Time resting spent in this place.
 E = Time spent auto-exploring this place.
 F = Levels seen in this place.
 G = Mean time per level.
                   A        B        C        D        E       F      G
               +--------+--------+--------+--------+--------+-----+--------+
         Total |     25 |     25 |      0 |      0 |      6 |   1 |   25.0 |
       Dungeon |     25 |     25 |      0 |      0 |      6 |   1 |   25.0 |
               +--------+--------+--------+--------+--------+-----+--------+

Top non-repeatable levels by time:
     D:1: 25 daAuts
